cohdb
Replays
Latest Replays
All Replays
Popular Replays
Top Player Replays
Match Explorer
How It Works
Community
CoH3 Stats
Reddit
Sign in to upload your games and track your stats! →
Sign in with Steam
Match 41317201
Unlisted
Match 41317201
Overview
Messages
Build Orders
End
Pioneer Squad
Construct Infanterie Kompanie
Grenadier Squad
Grenadier Squad
Grenadier Squad
Grenadier Squad
Construct Panzergrenadier Kompanie
251 Medium Carrier
Selects Luftwaffe Battlegroup
Selects Luftwaffe Battlegroup
Selects Luftwaffe Pioneer Support
Selects LG40 Recoilless Gun Paradrop
LG40 Recoilless Gun Paradrop
Pak 40 Anti-tank Gun Team
Hanwoomul
Jesulin
0
0
Comments
sign in to comment!
No comments posted yet!